AoeStats
← Captain Price

Arena

509538257Analyzed
1v1 RM · 5d ago on Sep 27, 2026· 45m 5s· 2 players
Game mode
Random Map
Map size
Tiny (2 player)
Population
200
Speed
Normal
Resources
Standard
Victory
Conquest
Starting age
Dark Age
Ending age
Imperial Age
RankedLock teamsTeams togetherTeam positionsShared explorationLock speedFull tech treeHidden civsTurbo modeCheats
Victory
Defeat
🇵🇰 Byzantines · Pakistan
774
+19
🇻🇳 Persians · Vietnam
832
-19
Captain Price
3:23 Loom
12:41 Feudal Age
13:47 Loom
16:48 Castle Age
16:20 Double-Bit Axe
17:18 Horse Collar
31:08 Imperial Age
29:24 Wheelbarrow
29:32 Fervor
30:18 Heavy Plow
30:32 Bow Saw
29:56 Pikeman
31:48 Hand Cart
31:53 Squires
32:23 Gold Mining
32:23 Stone Mining
34:12 Ballistics
34:52 Chemistry
34:39 Halberdier
34:59 Elite Skirmisher
36:34 Crop Rotation
36:06 Scale Mail Armor
36:07 Padded Archer Armor
35:59 Fletching
36:43 Thumb Ring
36:27 Arson
38:10 Two-Man Saw
36:47 Light Cavalry
37:27 Husbandry
36:50 Heavy Camel Rider
38:27 Gold Shaft Mining
38:27 Stone Shaft Mining
38:07 Redemption
38:17 Sanctity
37:58 Atonement
39:37 Chain Mail Armor
39:37 Leather Archer Armor
39:18 Bodkin Arrow
39:06 Treadmill Crane
41:09 Scale Barding Armor
41:37 Plate Mail Armor
41:26 Devotion
killer no name
11:17 Feudal Age
16:54 Castle Age
14:41 Double-Bit Axe
14:52 Horse Collar
17:04 Gold Mining
17:07 Stone Mining
17:36 Bow Saw
19:25 Heavy Plow
22:52 Wheelbarrow
24:33 Gold Shaft Mining
25:55 Hand Cart
31:11 Imperial Age
30:34 Kamandaran
32:32 Stone Shaft Mining
34:51 Chemistry
39:16 Forging
38:56 Fletching
39:07 Padded Archer Armor
39:08 Scale Mail Armor
39:14 Scale Barding Armor
42:56 Iron Casting
42:17 Bodkin Arrow
42:38 Leather Archer Armor
Connection lost

Rejoining the realm…

Still unreachable

The connection could not be restored.

Session expired

The server has moved on; the page needs a fresh start.